 Dungeon Crawl Stone Soup version 0.32-a0-128-g77eb882913 (webtiles) character file.

Game seed: 13453227287269655836

48 dialectric the Sneak (level 3, -6/18 HPs)
             Began as a Spriggan Brigand on Feb 8, 2024.
             Killed from afar by Natasha (9 damage)
             ... with a magic dart
             ... on level 2 of the Dungeon.
             The game lasted 00:01:13 (806 turns).

dialectric the Sneak (Spriggan Brigand)              Turns: 806, Time: 00:01:14

Health: -6/18      AC:  7    Str:  7    XL:     3   Next: 50%
Magic:  4/4        EV: 17    Int: 12    God:
Gold:   81         SH:  0    Dex: 18    Spells: 2/2 levels left

rFire   . . .        j - +3 dagger
rCold   . . .        (no shield)
rNeg    . . .        b - +0 robe
rPois   .            (helmet restricted)
rElec   .            c - +0 cloak
rCorr   .            (gloves unavailable)
SInv    +            (boots unavailable)
Will    .....        (no amulet)
Stlth   ++++         f - +4 ring of protection
HPRegen 0.23/turn    (no ring)
MPRegen 0.09/turn

%: no passive effects
@: very quick
A: very small, no large weapons, unfitting armour, see invisible, speed 3
a: no special abilities


You were on level 2 of the Dungeon.
You visited 1 branch of the dungeon, and saw 2 of its levels.

You collected 81 gold pieces.

Inventory:

Hand Weapons
 a - a +2 dagger
 j - a +3 dagger (weapon)
Missiles
 d - 9 poisoned darts
Armour
 b - a +0 robe (worn)
 c - a +0 cloak (worn)
Jewellery
 f - a +4 ring of protection (left hand)
Scrolls
 g - 2 scrolls of teleportation {unknown}
 h - a scroll of enchant weapon {unknown}
Potions
 i - 2 potions of brilliance {unknown}


   Skills:
 + Level 2.0 Fighting
 + Level 2.7 Short Blades
 - Level 2.2 Throwing
 + Level 2.3 Dodging
 * Level 6.5 Stealth


You had 2 spell levels left.
You didn't know any spells.
Your spell library was empty.

Dungeon Overview and Level Annotations

Branches:
Dungeon (2/15)

Altars:

Annotations:
D:2 Natasha


Innate Abilities, Weirdness & Mutations

You are very small and have problems with some larger weapons.
You are too small for most types of armour.
You have supernaturally acute eyesight. (SInv)
You cover ground extremely quickly. (Speed+++)


Message History

Unknown command.
j - a +3 dagger (weapon)
You feel sick.
You feel sick.
You feel sick.
You are no longer poisoned.
Natasha is nearby!
Natasha closely misses you.
Natasha is nearby!
You hit Natasha but do no damage. You punch Natasha, but do no damage.
Natasha barely misses you.
Natasha is nearby!
You hit Natasha.
Natasha is lightly wounded.
Throw: 3 darts (curare)
Press: ? - help, Q - select action, (/) - cycle Shift-Dir - straight line, f - Natasha
Aim: Natasha, carrying a wand of flame (lightly wounded, 53% to hit)
You throw a curare-tipped dart.
The curare-tipped dart barely misses Natasha.
Natasha zaps a wand.
The puff of flame hits you!
Ouch! That really hurt!
Throw: 2 darts (curare)
Press: ? - help, Q - select action, (/) - cycle Shift-Dir - straight line, f/p - Natasha
Aim: Natasha, carrying a wand of flame (lightly wounded, 53% to hit)
You throw a curare-tipped dart.
The curare-tipped dart barely misses Natasha.
Natasha zaps a wand.
The puff of flame hits you.
* * * LOW HITPOINT WARNING * * *
Throw: dart (curare)
Press: ? - help, Q - select action, (/) - cycle Shift-Dir - straight line, f/p - Natasha
Aim: Natasha, carrying a wand of flame (lightly wounded, 53% to hit)
You throw a curare-tipped dart. The curare-tipped dart hits Natasha.
Natasha is poisoned.
Natasha struggles to breathe.
Natasha seems to slow down.
Natasha is heavily wounded.
Natasha stares at you and mumbles some strange words.
The magic dart hits you!
Ouch! That really hurt!
You die...
Natasha curls up and begins to purr. ........# #.#.#.###.#. #######†# #.#.#.....#. ##...# #.#.#######. #..#.# #'# #. #.##.# g.. #. #.##.# .g... #. #.##.# hg.....

#.
##.##+##......l.#
#.
#...@...........#
#.
#....h......h...#
#.
#..............
##
#..............
#.....##+##....
#.....# ....
#.....# #(#
#..... .#


You could see Natasha (very poisoned, slow).

Vanquished Creatures
  An adder (D:2)
  A dart slug (D:1)
  3 ball pythons
  An endoplasm (D:1)
  A giant cockroach (D:2)
  7 goblins
  5 hobgoblins
  2 jackals (D:2)
  3 quokkas (D:1)
  3 bats (D:1)
  2 frilled lizards (D:1)
  2 kobolds (D:2)
  3 rats
34 creatures vanquished.

Vanquished Creatures (others)
  A goblin (D:2)
1 creature vanquished.

Grand Total: 35 creatures vanquished

Notes
Turn   | Place    | Note
-------+----------+-------------------------------------------
     0 | D:1      | dialectric the Spriggan Brigand began the quest for the
                  | Orb.
     0 | D:1      | Reached XP level 1. HP: 10/10 MP: 2/2
    83 | D:1      | Reached skill level 6 in Stealth
    86 | D:1      | Reached XP level 2. HP: 12/15 MP: 3/3
   681 | D:2      | Noticed Natasha
   701 | D:2      | Reached XP level 3. HP: 18/18 MP: 4/4
   806 | D:2      | Killed from afar by Natasha

Illustrated notes

Levels and vault maps discovered:
D:1:      nicolae_arrival_memento_mori, layout_loops_ring
D:2:      layout_basic, uniq_sigmund, uniq_natasha, uniq_robin

Skill      XL: |  1  2  3 |
---------------+----------+-----
Stealth        | 6 |  6.5
Dodging        | 2 |  2.3
Fighting       | 2 |  2.0
Short Blades   | |  2.7
Throwing       | |  2.2

Action                     || total
---------------------------++-------
  Melee: Dagger            ||    94
         Punch             ||     1
  Throw: Dart              ||     3
   Stab: Sleeping          ||     9
 Armour: Robe              ||    33
  Dodge: Dodged            ||    56

Table legend: (Time is in decaauts)
 A = Elapsed time spent in this place.
 B = Non-inter-level travel time spent in this place.
 C = Inter-level travel time spent in this place.
 D = Time resting spent in this place.
 E = Time spent auto-exploring this place.
 F = Levels seen in this place.
 G = Mean time per level.
                   A        B        C        D        E       F      G
               +--------+--------+--------+--------+--------+-----+--------+
         Total |    551 |    551 |      0 |      0 |    372 |   2 |  275.5 |
       Dungeon |    551 |    551 |      0 |      0 |    372 |   2 |  275.5 |
               +--------+--------+--------+--------+--------+-----+--------+

Top non-repeatable levels by time:
     D:1: 293 daAuts
     D:2: 258 daAuts
